AoeStats
← Clueless Clown

Yucatan

503277672Analyzed
2v2 RM · 1mo ago on Aug 30, 2026· 48m 28s· 4 players
Game mode
Random Map
Map size
Medium (4 player)
Population
200
Speed
Normal
Resources
Standard
Victory
Conquest
Starting age
Dark Age
Ending age
Imperial Age
RankedLock teamsTeams togetherTeam positionsShared explorationLock speedFull tech treeHidden civsTurbo modeCheats
Victory
Defeat
🇦🇷 Mongols · Argentina
1011
+14
🇺🇸 Jurchens · United States
972
+16
🇦🇷 Goths · Argentina
979
-15
🇦🇷 Franks · Argentina
956
-14
Clueless Clown
7:51 Loom
8:43 Loom
11:09 Feudal Age
15:00 Castle Age
14:09 Forging
13:59 Scale Mail Armor
18:53 Squires
22:31 Arson
25:19 Gambesons
31:06 Chain Mail Armor
33:47 Iron Casting
38:06 Wheelbarrow
38:37 Scale Barding Armor
38:29 Fletching
40:14 Bloodlines
40:04 Husbandry
40:32 Bodkin Arrow
42:19 Double-Bit Axe
44:52 Hand Cart
48:09 Imperial Age
46:30 Chain Barding Armor
maurodcdc89
10:52 Feudal Age
16:51 Castle Age
16:12 Double-Bit Axe
20:43 Gold Mining
20:38 Horse Collar
21:59 Bow Saw
23:22 Wheelbarrow
25:52 Bloodlines
27:35 Hand Cart
27:37 Fletching
27:48 Padded Archer Armor
30:58 Gold Shaft Mining
30:27 Heavy Plow
30:46 Forging
34:19 Imperial Age
33:08 Ballistics
33:12 Bodkin Arrow
36:01 Elite Mangudai
38:05 Heavy Camel Rider
41:21 Scale Barding Armor
41:51 Iron Casting
41:17 Bracer
41:32 Leather Archer Armor
48:33 Chemistry
48:53 Blast Furnace
48:14 Chain Barding Armor
benitezamir
5:00 Loom
10:44 Feudal Age
10:53 Man-at-Arms
11:44 Double-Bit Axe
13:00 Scale Mail Armor
13:50 Forging
25:45 Castle Age
24:21 Town Watch
25:52 Pikeman
28:36 Iron Casting
28:07 Squires
30:49 Long Swordsman
40:35 Bow Saw
41:03 Padded Archer Armor
42:50 Fletching
45:52 Ballistics
47:54 Leather Archer Armor
jhonzx_11
11:08 Feudal Age
17:53 Castle Age
18:00 Castle Age
17:21 Double-Bit Axe
17:29 Stone Mining
17:30 Gold Mining
33:57 Gold Shaft Mining
34:27 Wheelbarrow
37:55 Imperial Age
37:10 Fortified Wall
39:08 Conscription
38:12 Cavalier
38:52 Husbandry
39:30 Paladin
42:56 Hand Cart
Connection lost

Rejoining the realm…

Still unreachable

The connection could not be restored.

Session expired

The server has moved on; the page needs a fresh start.